 Dungeon Crawl Stone Soup version 0.30.1-11-g7821555f0a (webtiles) character file.

Game seed: 11451234422138371734

4325 ChrisAssaf the Magician (level 10, -19/71 (74) HPs)
             Began as a Gnoll Fire Elementalist on Dec 13, 2023.
             Was an Initiate of Gozag.
             Killed from afar by Erica (30 damage)
             ... with a bolt of poison
             ... on level 8 of the Dungeon.
             The game lasted 00:29:49 (8133 turns).

ChrisAssaf the Magician (Gnoll Fire Elementalist)   Turns: 8133, Time: 00:29:53

HP:   -19/71 (74)   AC:  6    Str: 14    XL:     10   Next: 33%
MP:   0/21          EV: 16    Int: 15    God:    Gozag
Gold: 731           SH:  0    Dex: 20    Spells: 1/23 levels left

rFire   . . .        b - +3 hand crossbow (freeze)
rCold   + . .        (no shield)
rNeg    + . .        q - +1 leather armour {Will+}
rPois   .            u - +1 hat
rElec   .            (no cloak)
rCorr   .            x - +0 pair of gloves {Dex+3}
SInv    .            (no boots)
Will    +....        r - amulet of guardian spirit
Stlth   ++++         s - ring "Vogior" {rC+ rN+ Int-4 Dex+5}
HPRegen 0.31/turn    v - +6 ring of strength
MPRegen 0.17/turn

%: guardian spirit
@: lethally poisoned (-19 -> -32), lightly drained
A: fangs 1, strong nose, distributed training
a: Renounce Religion, Potion Petition, Call Merchant, Bribe Branch


You were on level 8 of the Dungeon.
You worshipped Gozag.
Gozag was pleased with you.
You visited 2 branches of the dungeon, and saw 9 of its levels.

You collected 1291 gold pieces.
You spent 458 gold pieces at shops.
You donated 13 gold pieces to Zin.
You paid 89 gold pieces to Gozag.

Inventory:

Hand Weapons
 b - a +3 hand crossbow of freezing (weapon)
Missiles
 e - 3 javelins
Armour
 a - a +1 robe
 q - a +1 leather armour of willpower (worn)
 u - a +1 hat (worn)
 x - a +0 pair of gloves of dexterity (worn)
Jewellery
 l - a +6 ring of dexterity
 r - an amulet of guardian spirit (around neck)
 s - the ring "Vogior" (left hand) {rC+ rN+ Int-4 Dex+5}
   (You took it off a gnoll sergeant on level 7 of the Dungeon)

   [ring of protection from cold]

   Int:       It affects your intelligence (-4).
   Dex:       It affects your dexterity (+5).
   rC:        It protects you from cold.
   rN:        It protects you from negative energy.
 v - a +6 ring of strength (right hand)
Wands
 d - a wand of mindburst (10)
 g - a wand of flame (12)
 w - a wand of charming (5)
Scrolls
 c - a scroll of fog
 t - a scroll of amnesia
Potions
 f - a potion of haste {unknown}
 h - 4 potions of berserk rage
 i - 4 potions of curing
 j - 2 potions of degeneration {unknown}
 m - 2 potions of resistance {unknown}
 n - 2 potions of might {unknown}
 o - 3 potions of lignification
 p - 2 potions of heal wounds


   Skills:
 + Level 5.4 Fighting
 + Level 5.4 Short Blades
 + Level 5.4 Long Blades
 + Level 5.4 Axes
 + Level 5.4 Maces & Flails
 + Level 5.4 Polearms
 + Level 5.4 Staves
 + Level 5.4 Ranged Weapons
 + Level 5.4 Throwing
 + Level 5.4 Armour
 + Level 7.1 Dodging
 + Level 6.9 Stealth
 + Level 5.4 Shields
 + Level 5.4 Unarmed Combat
 + Level 7.4 Spellcasting
 + Level 5.0 Conjurations
 + Level 4.4 Hexes
 + Level 4.4 Summonings
 + Level 4.4 Necromancy
 + Level 4.4 Translocations
 + Level 4.4 Transmutations
 + Level 7.1 Fire Magic
 + Level 4.4 Ice Magic
 + Level 4.4 Air Magic
 + Level 4.4 Earth Magic
 + Level 4.4 Poison Magic
 + Level 5.9 Invocations
 + Level 5.4 Evocations


You had one spell level left.
You knew the following spells:

 Your Spells              Type           Power      Damage    Failure   Level
a - Foxfire               Conj/Fire      92%        2x1d8     1%          1
b - Scorch                Fire           54%        2d7       1%          2
c - Inner Flame           Hex/Fire       23%        N/A       4%          3
d - Volatile Blastmotes   Fire/Tloc      46%        2d13      4%          3
e - Mephitic Cloud        Conj/Pois/Air  19%        N/A       7%          3
f - Call Imp              Summ           36%        N/A       3%          2
g - Flame Wave            Conj/Fire      23%        2d8       13%         4
h - Dispel Undead         Necr           18%        3d11      26%         4

Your spell library contained the following spells:

 Spells                   Type           Power      Damage    Failure   Level
 Magic Dart               Conj           80%        1d7       1%          1
 Kiss of Death            Conj/Necr      76%        2d11      2%          1
 Poisonous Vapours        Pois/Air       36%        N/A       3%          2
 Confusing Touch          Hex            18%        N/A       8%          3
 Irradiate                Conj/Tmut      9%         3d14      52%         5
 Freezing Cloud           Conj/Ice/Air   9%         6-21      54%         5
 Blade Hands              Tmut           9%         N/A       56%         5
 Dragon Form              Tmut           9%         N/A       100%        7


Dungeon Overview and Level Annotations

Branches:
Dungeon (8/15)             Temple (1/1) D:4
   Lair: D:8-11

Altars:
Ashenzari
Cheibriados
Dithmenos
Elyvilon
Fedhas
Gozag
Hepliaklqana
Kikubaaqudgha
Makhleb
Nemelex Xobeh
Okawaru
Qazlal
Ru
Sif Muna
Trog
Uskayaw
Vehumet
Wu Jian
Xom
Yredelemnul
Zin
The Shining One

Shops:
D:1 :   D:2 [   D:3 !   D:8 (

Annotations:
D:8 Erica


Innate Abilities, Weirdness & Mutations

You have very sharp teeth.
Your uncanny sense of smell can sniff out nearby items.
Your experience applies equally to all skills.


Message History

The wight is severely damaged.
You finish channelling waves of flame.
Something hits you! Something burns you. The wight closely misses you.
Unknown command.
Something barely misses you.
The wight is distracted by your dazzling golden aura.
You feel much better.
Casting: Flame Wave (dangerous; 13% risk of failure)
Confirm with . or Enter, or press ? or * to list all spells.
You don't have enough magic to cast this spell.
Unknown command.
As you read the scroll labelled WUNAS GUFUI, it crumbles to dust.
The creatures around you are filled with an inner flame!
It was a scroll of immolation.
The wight is no longer distracted by gold.
The wight closely misses you.
You hear a shout!
Something closely misses you. The wight attacks as you move away!
The wight misses you.
You hear a shout!
An orc comes into view. It is wielding a +0 hand axe.
You hear a zap.
The roots erupt in riotous growth!
The grasping roots grab you!
You are constricted!
You escape the roots grasp.
You hear a zap.
The roots erupt in riotous growth!
The grasping roots grab you!
You are constricted!
An orc comes into view. It is wielding a +0 club.
You escape the roots grasp.
The wight attacks as you move away!
The wight hits you with a +5 great sword!
* * * LOW HITPOINT WARNING * * *
You hear some strange, mumbled words.
A bolt of poison appears from out of thin air!
The bolt of poison hits you!!
You are lethally poisoned!
You die...
Your body crumbles into a pile of gold.

##......# #.......##
##........#####.
##..<.......##... ..#
......##...#...## ###...
....####.......[# ....# ....#
#........# #...##
.#..####........#####.....#.
.#..............@.z....#.....
............#.#..............
............#.#.............
.......##...#.......{.......
........##....#..#.......###
#......(.#..##...)#...o.##
.#.............#.....$.######
.#....#.#......#.......o$$...
#.......#...........###.....


You could see a wight (inner flame) and 2 orcs.

Vanquished Creatures
  A two-headed ogre (D:7)
  Grinder (D:4)
  A wyvern (D:7)
  A wraith (D:7)
  A basilisk (D:7)
  A steam dragon (D:7)
  The ghost of ritesign the Cutter, an amateur KoMo (D:4)
  An acid dragon (D:7)
  An orc warrior (D:7)
  A sky beast (D:6)
  A black bear (D:7)
  2 ice beasts (D:6)
  An ogre (D:6)
  A centaur (D:7)
  A phantom (D:5)
  2 kobold brigands (D:7)
  2 bullfrogs
  9 scorpions
  A gnoll sergeant (D:7)
  5 wights
  A howler monkey (D:6)
  3 hounds
  A bullfrog skeleton (D:4)
  A bullfrog zombie (D:4)
  A jelly (D:7)
  An orc priest (D:4)
  3 gnoll boudas
  Jessica (D:2)
  Ijyb (D:3)
  Terence (D:3)
  4 iguanas
  5 sleepcaps
  3 orc wizards
  9 gnolls
  5 adders
  4 white imps
  An ufetubus (D:5)
  2 dart slugs
  15 orcs
  6 endoplasms
  2 giant cockroaches
  3 goblins
  6 hobgoblins
  13 jackals
  15 kobolds
  A quokka (D:4)
  8 ball pythons
  7 bats
  7 frilled lizards
  3 rats
168 creatures vanquished.

Vanquished Creatures (others)
  A jackal (D:3)
  31 foxfires
32 creatures vanquished.

Grand Total: 200 creatures vanquished

Notes
Turn   | Place    | Note
-------+----------+-------------------------------------------
     0 | D:1      | ChrisAssaf the Gnoll Fire Elementalist began the quest for
                  | the Orb.
     0 | D:1      | Reached XP level 1. HP: 13/13 MP: 6/6
   436 | D:1      | Reached XP level 2. HP: 19/19 MP: 7/7
   440 | D:1      | Found Agiprafo's Book Shoppe.
   474 | D:1      | Learned a level 2 spell: Scorch
   622 | D:2      | Reached skill level 5 in Spellcasting
   622 | D:2      | Reached XP level 3. HP: 25/25 MP: 3/9
   626 | D:2      | Learned a level 3 spell: Inner Flame
   630 | D:2      | Learned a level 3 spell: Volatile Blastmotes
   685 | D:2      | Identified a scroll of acquirement
   685 | D:2      | Acquired a +2 hand crossbow of freezing
   696 | D:2      | Reached skill level 1 in Invocations
   735 | D:2      | Noticed Jessica
   739 | D:2      | Killed Jessica
   740 | D:2      | Reached skill level 1 in Fighting
   740 | D:2      | Reached skill level 1 in Short Blades
   740 | D:2      | Reached skill level 1 in Long Blades
   740 | D:2      | Reached skill level 1 in Axes
   740 | D:2      | Reached skill level 1 in Maces & Flails
   740 | D:2      | Reached skill level 1 in Polearms
   740 | D:2      | Reached skill level 1 in Staves
   740 | D:2      | Reached skill level 1 in Ranged Weapons
   740 | D:2      | Reached skill level 1 in Throwing
   740 | D:2      | Reached skill level 1 in Armour
   740 | D:2      | Reached skill level 1 in Shields
   740 | D:2      | Reached skill level 1 in Unarmed Combat
   740 | D:2      | Reached skill level 1 in Evocations
   740 | D:2      | Reached XP level 4. HP: 12/32 MP: 11/11
   833 | D:2      | Found Bukuz Inippu's Antique Armour Shoppe.
   853 | D:2      | Learned a level 3 spell: Mephitic Cloud
   867 | D:2      | Found a faded altar of an unknown god.
   879 | D:2      | Prayed at the altar of an unknown god.
   879 | D:2      | Became a worshipper of Zin the Law-Giver
   879 | D:2      | Reached * piety under Zin
   879 | D:2      | Reached ** piety under Zin
  1074 | D:3      | Noticed Ijyb
  1086 | D:3      | Zin protects you from harm!
  1087 | D:3      | Killed Ijyb
  1088 | D:3      | Reached skill level 1 in Hexes
  1088 | D:3      | Reached skill level 1 in Summonings
  1088 | D:3      | Reached skill level 1 in Necromancy
  1088 | D:3      | Reached skill level 1 in Translocations
  1088 | D:3      | Reached skill level 1 in Transmutations
  1088 | D:3      | Reached skill level 1 in Ice Magic
  1088 | D:3      | Reached skill level 1 in Air Magic
  1088 | D:3      | Reached skill level 1 in Earth Magic
  1088 | D:3      | Reached skill level 1 in Poison Magic
  1253 | D:4      | Fell from the grace of Zin
  1298 | D:4      | Found a staircase to the Ecumenical Temple.
  1310 | Temple   | Entered the Ecumenical Temple
  1512 | Temple   | Became a worshipper of Gozag Ym Sagoz the Greedy
  1617 | D:4      | Noticed Grinder
  1627 | D:4      | Killed Grinder
  1628 | D:4      | Reached skill level 5 in Dodging
  1628 | D:4      | Reached XP level 5. HP: 20/38 MP: 1/12
  1628 | D:4      | Reached XP level 6. HP: 24/44 MP: 1/14
  1634 | D:4      | Learned a level 2 spell: Call Imp
  1780 | D:4      | Found a runed translucent gate.
  1780 | D:4      | Found a runed translucent gate.
  1780 | D:4      | Found a runed translucent gate.
  1786 | D:4      | Noticed ritesign's ghost (amateur KoMo)
  1797 | D:4      | Killed ritesign's ghost
  1798 | D:4      | Reached XP level 7. HP: 33/51 MP: 8/15
  2144 | D:4      | Reached skill level 5 in Stealth
  2302 | D:4      | Found a snail-covered altar of Cheibriados.
  2309 | D:4      | Found a broken altar of Ashenzari.
  2311 | D:4      | Found a hide-covered altar of Uskayaw.
  2363 | D:4      | Found an ancient bone altar of Kikubaaqudgha.
  2363 | D:4      | Found a basalt altar of Yredelemnul.
  2368 | D:4      | Found a stormy altar of Qazlal.
  2370 | D:4      | Found a burning altar of Makhleb.
  2371 | D:4      | Found a hazy altar of Hepliaklqana.
  2750 | D:3      | Noticed Terence
  2757 | D:3      | Killed Terence
  2893 | D:3      | Found Eleeg's Distillery.
  2902 | D:3      | Bought a potion of lignification for 36 gold pieces
  2902 | D:3      | Bought a potion of heal wounds for 60 gold pieces
  2902 | D:3      | Bought a potion of heal wounds for 60 gold pieces
  2902 | D:3      | Bought a potion of heal wounds for 60 gold pieces
  2902 | D:3      | Bought 2 potions of curing for 72 gold pieces
  2902 | D:3      | Bought a potion of heal wounds for 60 gold pieces
  4367 | D:2      | Bought a runed leather armour for 110 gold pieces
  4503 | D:5      | Entered Level 5 of the Dungeon
  4790 | D:5      | Reached XP level 8. HP: 58/58 MP: 12/16
  4805 | D:5      | Learned a level 4 spell: Flame Wave
  6273 | D:6      | Reached XP level 9. HP: 65/65 MP: 18/18
  6925 | D:7      | Identified the ring "Vogior" {rC+ rN+ Int-4 Dex+5}
  6954 | D:7      | Reached skill level 5 in Invocations
  7334 | D:7      | Noticed a two-headed ogre
  7343 | D:7      | Killed a two-headed ogre
  7344 | D:7      | Reached skill level 5 in Fighting
  7344 | D:7      | Reached skill level 5 in Short Blades
  7344 | D:7      | Reached skill level 5 in Long Blades
  7344 | D:7      | Reached skill level 5 in Axes
  7344 | D:7      | Reached skill level 5 in Maces & Flails
  7344 | D:7      | Reached skill level 5 in Polearms
  7344 | D:7      | Reached skill level 5 in Staves
  7344 | D:7      | Reached skill level 5 in Ranged Weapons
  7344 | D:7      | Reached skill level 5 in Throwing
  7344 | D:7      | Reached skill level 5 in Armour
  7344 | D:7      | Reached skill level 5 in Shields
  7344 | D:7      | Reached skill level 5 in Unarmed Combat
  7344 | D:7      | Reached skill level 5 in Evocations
  7344 | D:7      | Reached XP level 10. HP: 29/74 MP: 2/20
  7475 | D:7      | Learned a level 4 spell: Dispel Undead
  7830 | D:7      | Found a glowing silver altar of Zin.
  8060 | D:8      | Found Fechixou's Antique Weapon Emporium.
  8108 | D:8      | Reached skill level 5 in Conjurations
  8116 | D:8      | Noticed Erica
  8133 | D:8      | Killed from afar by Erica

Illustrated notes

Levels and vault maps discovered:
D:1:      dpeg_arrival_stone_temple_mockup, layout_loops_corners, serial_shops,
          shop, minivault_14
D:2:      layout_basic, hellmonk_ecumenical_altar_zigzags, serial_shops,
          nicolae_square_shop, uniq_jessica
D:3:      layout_basic, serial_shops, shop, uniq_ijyb, uniq_terence
D:4:      layout_gridville, grunt_temple_overflow_open,
          minmay_temple_entry_waves, gammafunk_ghost_necromancy, uniq_grinder
D:5:      corexii_shack_village, layout_cave_pods
D:6:      minmay_angry_zag, layout_basic, grunt_tough_drop
D:7:      cheibrodos_fzero, layout_rooms, zin_treasury,
          minmay_fractal_squares_gapless_5
D:8:      layout_layer_cave, serial_glass, glass_columns_b, glass_columns_a,
          serial_shops, shop, st_stairs_4, supply_closet_lemuel, nrook_campfire,
          uniq_erica
Temple:   nicolae_temple_figure_eight

Skill      XL: |  1  2  3  4  5  6  7  8  9 10 |
---------------+-------------------------------+-----
Conjurations   | 2 3 4 5 |  5.0
Spellcasting   | 5 6 7 |  7.4
Invocations    | 1 2 3 4 5 |  5.9
Fighting       | 1 2 3 5 |  5.4
Short Blades   | 1 2 3 5 |  5.4
Long Blades    | 1 2 3 5 |  5.4
Axes           | 1 2 3 5 |  5.4
Maces & Flails | 1 2 3 5 |  5.4
Polearms       | 1 2 3 5 |  5.4
Staves         | 1 2 3 5 |  5.4
Ranged Weapons | 1 2 3 5 |  5.4
Throwing       | 1 2 3 5 |  5.4
Armour         | 1 2 3 5 |  5.4
Shields        | 1 2 3 5 |  5.4
Unarmed Combat | 1 2 3 5 |  5.4
Evocations     | 1 2 3 5 |  5.4
Hexes          | 1 2 3 4 |  4.4
Summonings     | 1 2 3 4 |  4.4
Necromancy     | 1 2 3 4 |  4.4
Translocations | 1 2 3 4 |  4.4
Transmutations | 1 2 3 4 |  4.4
Ice Magic      | 1 2 3 4 |  4.4
Air Magic      | 1 2 3 4 |  4.4
Earth Magic    | 1 2 3 4 |  4.4
Poison Magic   | 1 2 3 4 |  4.4
Dodging        | 5 6 7 |  7.1
Stealth        | 5 6 |  6.9
Fire Magic     | 6 7 |  7.1

Action                     |  1- 3 |  4- 6 |  7- 9 | 10-12 || total
---------------------------+-------+-------+-------+-------++-------
  Melee: Unarmed           |    14 |       |       |       ||    14
         Bite              |     3 |       |       |       ||     3
         Hand crossbow     |       |       |     1 |       ||     1
   Fire: Hand crossbow     |     7 |    18 |   139 |    27 ||   191
  Throw: Javelin           |    12 |       |       |       ||    12
   Cast: Foxfire           |    11 |       |     6 |     2 ||    19
         Scorch            |    10 |    11 |    62 |     9 ||    92
         Inner Flame       |       |     1 |    10 |     4 ||    15
         Flame Wave        |       |       |     2 |     1 ||     3
         Mephitic Cloud    |       |       |       |     1 ||     1
         Call Imp          |       |       |       |     1 ||     1
 Invoke: Renounce Religion |       |     1 |       |       ||     1
  Evoke: Wand              |     1 |     9 |    10 |     1 ||    21
    Use: Potion            |     2 |       |     4 |     1 ||     7
         Scroll            |     1 |       |     7 |     2 ||    10
 Armour: Robe              |    15 |     5 |     7 |       ||    27
         Leather armour    |       |       |    14 |       ||    14
  Dodge: Dodged            |    73 |    15 |    51 |    23 ||   162
